 Dungeon Crawl Stone Soup version 0.29-a0-721-g7f417c9bbb (webtiles) character file.

Game seed: 8233232292379946098

4167 ytrimaz the Protected (level 10, 0/139 HPs)
             Began as a Meteoran Fighter on June 28, 2022.
             Was an Initiate of Wu Jian.
             Slain by a 15-headed hydra (5 damage)
             ... on level 8 of the Dungeon.
             The game lasted 00:13:45 (4574 turns).

ytrimaz the Protected (Meteoran Fighter)            Turns: 4574, Time: 00:13:46

Health: 0/139      AC: 25    Str: 22    XL:     10   Next: 82%
Magic:  11/11      EV:  2    Int: 13    God:    Wu Jian [......]
Gold:   475        SH:  5    Dex: 14    Spells: 9/9 levels left

rFire   + . .      SeeInvis .   a - +0 war axe (spect)
rCold   . . .      Faith    .   c - +0 buckler
rNeg    . . .      Spirit   .   (body armour currently unavailable)
rPois   +          Reflect  .   (helmet currently unavailable)
rElec   .          Harm     .   (cloak currently unavailable)
rCorr   .          Rampage  .   (gloves currently unavailable)
Will    +....      NoTele   +   (boots currently unavailable)
Stlth   ..........              r - amulet of regeneration
HPRegen 1.13/turn               z - ring of Vyfunast {Wiz rF+ Int+3}
MPRegen 0.12/turn               (no ring)

@: mighty, brilliant, tree-form, silenced, glowing
A: stationary, stasis, torment immunity, boosted hp, sense surroundings 2,
otherworldly, glowing, explore regen
a: Renounce Religion


You were on level 8 of the Dungeon.
You worshipped Wu Jian.
Wu Jian was noncommittal.
You were a tree.
You visited 2 branches of the dungeon, and saw 9 of its levels.
You also visited: Sewer.

You collected 475 gold pieces.

Inventory:

Hand Weapons
 a - a +0 spectral war axe (weapon)
Armour
 c - a +0 buckler (worn)
 p - a +1 pair of boots (melded)
 s - a +2 pair of gloves (melded)
 D - +0 pearl dragon scales (melded)
Jewellery
 d - a ring of fire
 l - an amulet of the acrobat
 q - a ring of wizardry
 r - an amulet of regeneration (around neck)
 x - an amulet of guardian spirit
 z - the ring of Vyfunast (left branch) {Wiz rF+ Int+3}
   (You found it on level 5 of the Dungeon)

   [ring of wizardry]

   It improves your spell success rate.
   Int:       It affects your intelligence (+3).
   rF:        It protects you from fire.
Wands
 y - a wand of mindburst (8)
 A - a wand of quicksilver (5)
Scrolls
 g - 2 scrolls of enchant armour
 t - 3 scrolls of blinking
 w - a scroll of teleportation
 C - a scroll of enchant weapon {unknown}
Potions
 e - 5 potions of heal wounds
 f - a potion of ambrosia
 h - 5 potions of curing
 i - 3 potions of attraction
 j - a potion of might
 m - a potion of lignification
 o - a potion of degeneration
 u - a potion of mutation {unknown}
 v - 3 potions of haste
 B - a potion of berserk rage {unknown}


   Skills:
 + Level 9.8 Fighting
 - Level 9.0 Axes
 + Level 11.8 Armour
 - Level 4.0 Shields


You had 9 spell levels left.
You didn't know any spells.
Your spell library contained the following spells:

 Spells                   Type           Power      Damage    Failure   Level
 Beastly Appendage        Tmut           0%         N/A       16%         1
 Necrotize                Necr           0%         1d4       16%         1
 Wereblood                Tmut           0%         N/A       24%         2
 Frozen Ramparts          Ice            0%         1d2       41%         3
 Spider Form              Tmut/Pois      0%         N/A       41%         3
 Stone Arrow              Conj/Erth      0%         3d7       41%         3
 Vampiric Draining        Necr           0%         2d6       41%         3
 Animate Armour           Summ/Erth      0%         N/A       80%         4
 Ice Form                 Ice/Tmut       0%         N/A       80%         4
 Summon Ice Beast         Ice/Summ       0%         N/A       80%         4
 Agony                    Necr           0%         N/A       98%         5
 Lehudib's Crystal Spear  Conj/Erth      0%         10d2      100%        8


Dungeon Overview and Level Annotations

Branches:
Dungeon (8/15) Zot: 539    Temple (1/1) D:6 Zot: 474   Sewer (visited)
   Lair: D:8-11

Altars:
Ashenzari
Cheibriados
Dithmenos
Elyvilon
Fedhas
Gozag
Hepliaklqana
Makhleb
Nemelex Xobeh
Okawaru
Qazlal
Ru
Sif Muna
Trog
Uskayaw
Vehumet
Wu Jian
Xom
Yredelemnul
Zin

Shops:
D:4 [   D:6 !   D:8 *

Annotations:
D:3 3 runed translucent doors, hquester1's ghost, weakling MiFi
D:5 3 runed translucent doors, zhov's ghost, novice KoHu


Innate Abilities, Weirdness & Mutations

You are a tree.
Your roots penetrate the ground, keeping you stationary.
You cannot be teleported.
You are immune to unholy pain and torment.
Your maximum health is greatly increased.
Your equipment is partially melded.
You passively map the area around you.
You are easily found by Zot.
You glow in the dark.
You regain HP and MP as you explore.


Message History

The 12-headed hydra bites you but does no damage. x4
The 12-headed hydra bites you. The 12-headed hydra bites you!
The 12-headed hydra bites you. The 12-headed hydra bites you!
The 12-headed hydra bites you but does no damage.
The 12-headed hydra bites you.
The 12-headed hydra bites you but does no damage.
The 12-headed hydra bites you!
You lop one of the 12-headed hydra's heads off!
The 11-headed hydra grows two more!
You hit the 13-headed hydra.
The 13-headed hydra is heavily wounded.
Your +0 spectral war axe hits the 13-headed hydra!
Your +0 spectral war axe lops one of the 13-headed hydra's heads off!
The 12-headed hydra grows two more!
The 14-headed hydra bites you but does no damage.
You block the 14-headed hydra's attack.
The 14-headed hydra bites you but does no damage.
The 14-headed hydra bites you.
The 14-headed hydra bites you but does no damage.
The 14-headed hydra bites you.
The 14-headed hydra bites you but does no damage.
The 14-headed hydra bites you! x2
* * * LOW HITPOINT WARNING * * *
The 14-headed hydra bites you but does no damage. x5
You hack one of the 14-headed hydra's heads off!
The 13-headed hydra grows two more!
You slash the 15-headed hydra!
The 15-headed hydra is severely wounded.
Your +0 spectral war axe barely misses the 15-headed hydra.
The 15-headed hydra bites you.
* * * LOW HITPOINT WARNING * * *
You block the 15-headed hydra's attack.
The 15-headed hydra bites you but does no damage. x2
You block the 15-headed hydra's attack. The 15-headed hydra bites you!
* * * LOW HITPOINT WARNING * * *
The 15-headed hydra bites you!
* * * LOW HITPOINT WARNING * * *
The 15-headed hydra bites you but does no damage.
The 15-headed hydra bites you!
* * * LOW HITPOINT WARNING * * *
The 15-headed hydra bites you.
You die...

,,,*####..#####.,,,,,,,,,,,,,,,,,
,,,**♣♣§...♣♣ *,,,,,,,,,,,,,,,,,,
***#§§§§....♣♣*,,,,,,,,,,,,,,,,,,
* #§§§⌠..⌠.∩♣****+**************
* #♣.§.D...♣♣*,+,,,,,,*,,,,,,,* *
#♣.....♣♣ *,*,,,,,,+,,,,,,,* *
###..#########,,,**+******* *
#..##...(..#****,,,,,,,,*
#.......D♣.# *,,,,,,,,*
#####......# *,,,,,,,,* #...?..#
*,,,,,,,,* #......# *,,,,,,,,*
######## **********


You could see a 15-headed hydra and a friendly +0 spectral war axe (summoned).

Vanquished Creatures
  Pikel (D:5)
  A cyclops (D:8)
  Grinder (D:4)
  A vampire (D:8)
  Eustachio (D:5)
  A basilisk (D:8)
  2 steam dragons (D:8)
  Menkaure (D:7)
  An orc warrior (D:6)
  A sky beast (D:7)
  3 black bears
  4 ogres
  2 centaurs
  A necrophage (D:6)
  5 bullfrogs
  A gnoll sergeant (D:7)
  A scorpion (D:5)
  2 howler monkeys (D:6)
  4 jellies
  An orc priest (D:5)
  2 hounds (D:5)
  A scorpion zombie (D:2)
  An iguana (D:7)
  3 orc wizards
  7 gnolls
  16 adders
  3 river rats (Sewer)
  A white imp (D:8)
  An ufetubus (D:5)
  4 worms
  3 dart slugs (D:4)
  11 orcs
  24 ball pythons
  9 bats
  A bat zombie (D:2)
  5 endoplasms
  6 giant cockroaches
  7 goblins
  10 hobgoblins
  5 quokkas
  A ball python zombie (D:2)
  4 frilled lizards
  9 kobolds
  30 rats
199 creatures vanquished.

Vanquished Creatures (others)
  An orc wizard (D:8)
  A plant (D:1)
  A withered plant (D:2)
3 creatures vanquished.

Grand Total: 202 creatures vanquished

Notes
Turn   | Place    | Note
-------+----------+-------------------------------------------
     0 | D:1      | ytrimaz the Meteoran Fighter began the quest for the Orb.
     0 | D:1      | Reached XP level 1. HP: 19/19 MP: 2/2
   138 | D:1      | Reached XP level 2. HP: 25/26 MP: 3/3
   142 | D:1      | Found a faded altar of an unknown god.
   472 | D:1      | Glimpsed the power of Zot.
   514 | D:2      | Reached XP level 3. HP: 30/33 MP: 4/4
   583 | D:2      | Reached XP level 4. HP: 37/40 MP: 5/5
   702 | D:2      | Reached XP level 5. HP: 39/47 MP: 6/6
  1017 | D:3      | Noticed an ogre
  1024 | D:3      | Killed an ogre
  1025 | D:3      | Reached skill level 5 in Axes
  1025 | D:3      | Reached XP level 6. HP: 27/55 MP: 7/7
  1071 | D:3      | Found a runed translucent gate.
  1074 | D:3      | Found a runed translucent gate.
  1075 | D:3      | Found a runed translucent gate.
  1076 | D:3      | Noticed hquester1's ghost (weakling MiFi)
  1119 | D:3      | Found a glowing drain.
  1138 | Sewer    | Entered a sewer
  1262 | Sewer    | Reached skill level 5 in Fighting
  1358 | Sewer    | Reached XP level 7. HP: 58/61 MP: 8/8
  1931 | D:4      | Found Neaqel's Armour Shop.
  2302 | D:4      | Noticed Grinder
  2308 | D:4      | Killed Grinder
  2309 | D:4      | Reached skill level 4 in Armour
  2309 | D:4      | Reached XP level 8. HP: 62/71 MP: 9/9
  2521 | D:4      | Glimpsed the power of Zot.
  2544 | D:5      | Entered Level 5 of the Dungeon
  2595 | D:5      | Found a runed translucent gate.
  2595 | D:5      | Found a runed translucent gate.
  2595 | D:5      | Found a runed translucent gate.
  2596 | D:5      | Noticed zhov's ghost (novice KoHu)
  2607 | D:5      | Reached skill level 5 in Armour
  2617 | D:5      | Noticed Eustachio
  2625 | D:5      | Killed Eustachio
  2626 | D:5      | Reached skill level 6 in Armour
  2626 | D:5      | Gained mutation: You passively map the area around you.
                  | [Meteoran growth]
  2626 | D:5      | Reached XP level 9. HP: 78/78 MP: 10/10
  2663 | D:5      | Found an iron altar of Okawaru.
  2668 | D:5      | Identified the ring of Vyfunast {Wiz rF+ Int+3}
  3006 | D:5      | Noticed Pikel
  3013 | D:5      | Killed Pikel
  3014 | D:5      | Reached skill level 8 in Armour
  3119 | D:5      | Glimpsed the power of Zot.
  3169 | D:5      | Glimpsed the power of Zot.
  3234 | D:6      | Reached skill level 9 in Armour
  3234 | D:6      | Found a staircase to the Ecumenical Temple.
  3240 | D:6      | Reached XP level 10. HP: 85/88 MP: 11/11
  3256 | Temple   | Entered the Ecumenical Temple
  3371 | Temple   | Became a worshipper of the Wu Jian Council
  3524 | D:6      | Found Mudisag's Distillery.
  3843 | D:6      | Glimpsed the power of Zot.
  3879 | D:7      | Reached skill level 10 in Armour
  4015 | D:7      | Noticed Menkaure
  4022 | D:7      | Killed Menkaure
  4439 | D:8      | Noticed a cyclops
  4450 | D:8      | Killed a cyclops
  4451 | D:8      | Reached skill level 11 in Armour
  4480 | D:8      | Noticed a deep elf pyromancer
  4496 | D:8      | Noticed an eight-headed hydra
  4538 | D:8      | Noticed a six-headed hydra
  4548 | D:8      | Found Torecw's Fire Supplies.
  4574 | D:8      | HP: 5/139 [15-headed hydra (8)]
  4574 | D:8      | Slain by a 15-headed hydra

Illustrated notes

Levels and vault maps discovered:
D:1:      lightli_arrival_lavapool, layout_basic,
          chequers_ecumenical_altar_island, minivault_19, nrook_mini_vaults,
          minmay_misc_feat_encased, minmay_misc_feat_pillars,
          serial_bayou_ford_a, chequers_jeans
D:2:      layout_rooms, serial_undead, serial_undead_a, serial_undead_f,
          serial_undead_b, serial_undead_f
D:3:      layout_loops_ring, cheibrodos_sewer_entry_drain, gammafunk_ghost_split
D:4:      minmay_octagon_keep, layout_cave_pools, serial_shops, shop,
          uniq_grinder
D:5:      cheibrodos_helix_gallery, layout_basic, okawaru_trees_1,
          ebering_ghost_rock_garden, uniq_pikel, uniq_eustachio
D:6:      layout_loops_cross, minmay_temple_entry_mini_moons, serial_shops,
          nicolae_lakefront_shop
D:7:      layout_cave_pools, serial_rivers, chequers_serial_rivers_small_a,
          chequers_serial_rivers_small_3, chequers_serial_rivers_large_a,
          chequers_serial_rivers_micro_d, uniq_menkaure
D:8:      minmay_the_grid_plus [minmay_the_grid_dragon_b, minmay_the_grid_slots,
          minmay_the_grid_minigrid_medium, minmay_the_grid_rooms,
          minmay_the_grid_prize_trominoes], layout_gridville,
          gammafunk_temple_overflow_pools, enter_bailey_2,
          nicolae_shop_fire_sale [nicolae_sub_dead_trees], minmay_checkerbox,
          uniq_amaemon
Temple:   compressed_dpeg_triangle_lava_temple

Skill      XL: |  1  2  3  4  5  6  7  8  9 10 |
---------------+-------------------------------+-----
Shields        | 4 |  4.0
Axes           | 3 4 5 6 8 9 |  9.0
Fighting       | 4 5 6 8 9 |  9.8
Armour         | 4 6 9 11 | 11.8

Action                   |  1- 3 |  4- 6 |  7- 9 | 10-12 || total
-------------------------+-------+-------+-------+-------++-------
Melee: War axe           |    80 |   164 |   144 |    79 ||   467
Invok: Lunge             |       |       |       |     6 ||     6
  Use: Potion            |     1 |     2 |       |     4 ||     7
       Scroll            |       |     8 |     9 |     3 ||    20
 Stab: Distracted        |       |       |       |     1 ||     1
Armor: Scale mail        |    57 |   126 |   107 |     5 ||   295
       Pearl dragon scal |       |       |       |    49 ||    49
       Skin              |       |       |       |    41 ||    41
Dodge: Dodged            |    35 |   109 |    74 |    36 ||   254
Block: Buckler           |    30 |    54 |    46 |    22 ||   152

Table legend: (Time is in decaauts)
 A = Elapsed time spent in this place.
 B = Non-inter-level travel time spent in this place.
 C = Inter-level travel time spent in this place.
 D = Time resting spent in this place.
 E = Time spent auto-exploring this place.
 F = Levels seen in this place.
 G = Mean time per level.
                   A        B        C        D        E       F      G
               +--------+--------+--------+--------+--------+-----+--------+
         Total |   4751 |   4511 |    240 |     54 |   2406 |  10 |  475.1 |
       Dungeon |   4259 |   4028 |    231 |     45 |   2384 |   8 |  532.4 |
        Temple |    125 |    116 |      9 |      0 |     22 |   1 |  125.0 |
         Sewer |    366 |    366 |      0 |      9 |      0 |   1 |  366.0 |
               +--------+--------+--------+--------+--------+-----+--------+

Top non-repeatable levels by time:
     D:5: 637 daAuts
     D:3: 631 daAuts
     D:4: 629 daAuts
     D:6: 565 daAuts
     D:1: 536 daAuts
     D:7: 534 daAuts
     D:2: 526 daAuts
   Sewer: 366 daAuts
     D:8: 199 daAuts
  Temple: 125 daAuts
